 Dungeon Sprint DCSS version 0.21.0-24-g2553a33 (webtiles) character file.

3817 letownia2 the Brawler (level 9, -2/144 HPs)
             Began as a Troll Wizard on Jan 20, 2018.
             Was an Initiate of Gozag.
             Slain by a deep elf mage
             ... wielding a cursed +0 long sword
              (6 damage)
             ... in the Dungeon (Sprint III: "The Ten Rune Challenge").
             The game lasted 00:05:50 (862 turns).

letownia2 the Brawler (Troll Wizard)                 Turns: 862, Time: 00:05:51

Health: -2/144     AC:  5    Str: 22    XL:     9   Next: 97%
Magic:  4/14       EV: 10    Int: 15    God:    Gozag
Gold:   4296       SH:  0    Dex:  8    Spells: 6/16 levels left

rFire    . . .     SeeInvis .     - Unarmed
rCold    . . .     Gourm    +   (no shield)
rNeg     . . .     Faith    .   a - +0 robe
rPois    .         Spirit   .   b - +0 hat
rElec    .         Reflect  .   (no cloak)
rCorr    .         Harm     .   (gloves unavailable)
MR       .....     NoTele   +   (boots unavailable)
Stlth    ..........             (no amulet)
HPRegen  0.74/turn              (no ring)
MPRegen  0.14/turn              (no ring)

@: berserking, gold aura, very slightly contaminated, very quick
A: large, unfitting armour, claws 3, hooves 1, dopey 1, fast metabolism 3,
gourmand, mutation resistance 1, regeneration 1, shaggy fur 1, tough skin 2
a: Potion Petition, Call Merchant, Bribe Branch, Renounce Religion


You were in the Dungeon.
You worshipped Gozag.
Gozag was most pleased with you.
You were not hungry.

You visited 1 branch You collected 4296 gold pieces.

Inventory:

Armour
 a - a +0 robe (worn)
 b - a +0 hat (worn)
Wands
 l - a wand of polymorph (18)
 s - a wand of paralysis (8)
Scrolls
 j - a scroll of blinking
 k - a scroll of fog {unknown}
 m - 2 scrolls of torment {unknown}
 n - 2 scrolls of identify {unknown}
 o - 3 scrolls of remove curse
Potions
 e - a potion of curing
 f - 2 potions of heal wounds
 g - a potion of haste
 h - 2 potions of magic
 p - a potion of flight {unknown}
 q - 5 potions of mutation
 t - a potion of might
Books
 c - a book of Minor Magic

   Spells                             Type                      Level
   a - Magic Dart                     Conjuration                  1
   b - Blink                          Translocation                2
   c - Call Imp                       Summoning                    2
   d - Slow                           Hexes                        2
   e - Conjure Flame                  Conjuration/Fire             3
   f - Mephitic Cloud                 Conjuration/Poison/Air       3
 u - a book of Misfortune

   Spells                             Type                      Level
   a - Confusing Touch                Hexes                        1
   b - Confuse                        Hexes                        3
   c - Gell's Gravitas                Translocation                3
   d - Petrify                        Transmutation/Earth          4
   e - Metabolic Englaciation         Hexes/Ice                    5
   f - Yara's Violent Unravelling     Hexes/Transmutation          5
Miscellaneous
 r - a sack of spiders
Comestibles
 d - 4 rations


   Skills:
 + Level 8.2 Fighting
 - Level 3.6 Dodging
 - Level 1.0 Stealth
 - Level 15.0 Unarmed Combat
 - Level 4.1 Spellcasting
 - Level 4.4 Conjurations
 - Level 3.0 Hexes
   Level 0.6 Summonings
 - Level 3.4 Translocations
 - Level 3.4 Fire Magic
 - Level 3.4 Air Magic
 - Level 3.8 Poison Magic


You had 6 spell levels left.
You knew the following spells:

 Your Spells              Type           Power        Failure   Level  Hunger
a - Magic Dart            Conj           ###.         2%          1    None
b - Blink                 Tloc           N/A          6%          2    ##.....
c - Conjure Flame         Conj/Fire      ###.....     11%         3    ###....
d - Confusing Touch       Hex            ##....       5%          1    None
e - Mephitic Cloud        Conj/Pois/Air  ##......     11%         3    ###....


Dungeon Overview and Level Annotations

Branches:
Dungeon (1/1)

Altars:
Cheibriados
Dithmenos
Elyvilon
Fedhas
Gozag
Hepliaklqana
Kikubaaqudgha
Makhleb
Nemelex Xobeh
Okawaru
Qazlal
Ru
Sif Muna
Trog
Uskayaw
Vehumet
Wu Jian
Xom
Yredelemnul
Zin
The Shining One
Beogh
Jiyva
Lugonu

Shops:
D (


Innate Abilities, Weirdness & Mutations

You are too large for most types of armour.
You have claws for hands.
Your metabolism is lightning-fast.
You like to eat raw meat.
Your natural rate of healing is unusually fast.
You are covered in fur. (AC +1)
You have very tough skin. (AC +2)
You have large cloven feet.
You are dopey. (Int -2)
You are somewhat resistant to further mutation.


Message History

The deep elf knight seems to speed up.
Unknown command.
You closely miss the deep elf knight.
The deep elf knight is almost dead.
The deep elf mage hits you but does no damage.
The deep elf knight hits you with a long sword.
* * * LOW HITPOINT WARNING * * *
Unknown command.
You mangle the deep elf knight!!
You kill the deep elf knight!
Your Fighting skill gained 2 levels and is now at level 8!
Unknown command.
You miss the deep elf mage. Your kick misses the deep elf mage.
Your claw misses the deep elf mage.
Unknown command.
You eviscerate the deep elf mage!!!
The deep elf mage is almost dead.
The deep elf mage hits you with a long sword.
You die...
Your body crumbles into a pile of gold.

▓▓▓▓▓ ########
$#.#.##########
#___#__######.##.e'§#...#
#__.#._#........@e#.#...#
#)###'##.......e..#.#...≈≈
.).)...#........###.#.e.##
)..)...#.∩####..## .+...#
######'#..# ##..# ######
#__#...#'#########
#__#...#.)≈§≈'.#
#__#.))#.#≈§≈#.#
#__#..)'.#§§§#


You could see a deep elf knight (confused) and 2 deep elf magi.

Vanquished Creatures
  Snorg (D)
  A deep elf knight (D)
  2 deep elf magi (D)
  An orc sorcerer (D)
  A shadow (D)
  A spatial vortex (D)
  2 orc warriors (D)
  A necrophage (D)
  A water elemental (D)
  A scorpion (D)
  5 orc priests (D)
  A jelly (D)
  Jessica (D)
  A wizard (D)
  A necromancer (D)
  3 humans (D)
  A kobold demonologist (D)
  An ooze (D)
  10 orcs (D)
  2 rats (D)
38 creatures vanquished.

Vanquished Creatures (others)
  2 draconian scorchers (D)
  6 hellions (D)
  2 yaktaurs (D)
  3 plants (D)
13 creatures vanquished.

Grand Total: 51 creatures vanquished

Notes
Turn   | Place    | Note
-------+----------+-------------------------------------------
     0 | D        | letownia2 the Troll Wizard began the quest for the Orb.
     0 | D        | Reached XP level 1. HP: 16/16 MP: 2/2
    12 | D        | Reached skill level 1 in Fighting
    12 | D        | Reached skill level 2 in Unarmed Combat
    50 | D        | Noticed Jessica
    57 | D        | Killed Jessica
    57 | D        | Reached skill level 5 in Unarmed Combat
    57 | D        | Reached XP level 2. HP: 25/27 MP: 4/4
    57 | D        | Reached XP level 3. HP: 30/33 MP: 5/5
    64 | D        | Learned a level 3 spell: Mephitic Cloud
    83 | D        | Killed a hellion
    97 | D        | Killed a hellion
   104 | D        | Killed a hellion
   105 | D        | Killed a hellion
   108 | D        | Killed a hellion
   111 | D        | Killed a hellion
   115 | D        | Reached skill level 1 in Conjurations
   150 | D        | Noticed a scorpion
   155 | D        | Killed a scorpion
   155 | D        | Reached skill level 1 in Air Magic
   155 | D        | Reached XP level 4. HP: 41/41 MP: 2/7
   160 | D        | Learned a level 3 spell: Conjure Flame
   161 | D        | Killed a yaktaur
   181 | D        | Gained mutation: You are dopey. (Int -2) [potion of mutation]
   181 | D        | Gained mutation: You have large cloven feet. [potion of mutation]
   181 | D        | Gained mutation: You are somewhat resistant to further mutation. [potion of mutation]
   182 | D        | Killed a white draconian scorcher
   191 | D        | Killed a white draconian scorcher
   195 | D        | Noticed a water elemental
   200 | D        | Killed a water elemental
   200 | D        | Reached XP level 5. HP: 34/48 MP: 3/8
   204 | D        | Learned a level 2 spell: Blink
   240 | D        | Found a glowing silver altar of Zin.
   240 | D        | Found a glowing golden altar of the Shining One.
   240 | D        | Found a white marble altar of Elyvilon.
   243 | D        | Noticed a deep elf mage
   252 | D        | Killed a deep elf mage
   252 | D        | Reached skill level 7 in Unarmed Combat
   252 | D        | Reached XP level 6. HP: 52/61 MP: 3/10
   252 | D        | Reached XP level 7. HP: 58/67 MP: 3/11
   318 | D        | Noticed a shadow
   352 | D        | Killed a shadow
   352 | D        | Reached skill level 8 in Unarmed Combat
   370 | D        | Found a blossoming altar of Fedhas.
   370 | D        | Found a stormy altar of Qazlal.
   370 | D        | Found a snail-covered altar of Cheibriados.
   370 | D        | Found a burning altar of Makhleb.
   370 | D        | Found a shimmering altar of Xom.
   370 | D        | Noticed a spatial vortex
   374 | D        | Found a hazy altar of Hepliaklqana.
   374 | D        | Found an opulent altar of Gozag.
   374 | D        | Found a sparkling altar of Nemelex Xobeh.
   374 | D        | Found a corrupted altar of Lugonu.
   374 | D        | Found a viscous altar of Jiyva.
   378 | D        | Became a worshipper of Gozag Ym Sagoz the Greedy
   393 | D        | Killed a spatial vortex
   393 | D        | Reached skill level 9 in Unarmed Combat
   409 | D        | Found a shadowy altar of Dithmenos.
   415 | D        | Found a basalt altar of Yredelemnul.
   415 | D        | Found a sacrificial altar of Ru.
   434 | D        | Found a hide-covered altar of Uskayaw.
   434 | D        | Found an iron altar of Okawaru.
   435 | D        | Found a roughly hewn altar of Beogh.
   435 | D        | Found a bloodstained altar of Trog.
   437 | D        | Found an ornate altar of the Wu Jian Council.
   437 | D        | Noticed a human
   439 | D        | Noticed a human
   447 | D        | Killed a human
   447 | D        | Reached skill level 10 in Unarmed Combat
   447 | D        | Reached XP level 8. HP: 78/78 MP: 7/13
   454 | D        | Reached skill level 11 in Unarmed Combat
   497 | D        | Found a radiant altar of Vehumet.
   497 | D        | Found a deep blue altar of Sif Muna.
   497 | D        | Found an ancient bone altar of Kikubaaqudgha.
   516 | D        | Learned a level 1 spell: Confusing Touch
   535 | D        | Found Tasisk's Weapon Boutique.
   543 | D        | Killed a yaktaur
   568 | D        | Reached skill level 1 in Hexes
   593 | D        | Noticed an orc sorcerer
   598 | D        | Noticed Snorg
   606 | D        | Killed an orc sorcerer
   606 | D        | Reached skill level 12 in Unarmed Combat
   680 | D        | Killed Snorg
   680 | D        | Reached skill level 15 in Unarmed Combat
   680 | D        | Reached XP level 9. HP: 61/84 MP: 10/14
   837 | D        | Noticed a deep elf knight
   837 | D        | Noticed a deep elf mage
   837 | D        | Noticed a deep elf mage
   837 | D        | Noticed a deep elf knight
   837 | D        | Noticed a deep elf mage
   852 | D        | Killed a deep elf mage
   859 | D        | HP: 3/138 [deep elf knight/long sword (6)]
   860 | D        | Killed a deep elf knight
   862 | D        | Slain by a deep elf mage

Skill      XL: |  1  2  3  4  5  6  7  8  9 |
---------------+----------------------------+-----
Fighting       | 1 3 8 |  8.2
Unarmed Combat | 5 7 10 15 | 15.0
Conjurations   | 2 3 4 |  4.4
Air Magic      | 1 2 3 |  3.4
Poison Magic   | 2 3 |  3.8
Spellcasting   | 3 4 |  4.1
Dodging        | 3 |  3.6
Translocations | 3 |  3.4
Fire Magic     | 3 |  3.4
Hexes          | 3 |  3.0
Stealth        | |  1.0
Summonings     | |  0.6

Action                   |  1- 3 |  4- 6 |  7- 9 || total
-------------------------+-------+-------+-------++-------
Melee: Unarmed           |    32 |     8 |    91 ||   131
       Kick              |       |     2 |    19 ||    21
       Punch             |       |       |     6 ||     6
 Cast: Mephitic Cloud    |     1 |     1 |    12 ||    14
       Conjure Flame     |       |     1 |     4 ||     5
       Blink             |       |       |     4 ||     4
       Magic Dart        |       |       |     1 ||     1
Evoke: Wand              |       |       |     4 ||     4
  Use: Potion            |       |     1 |     2 ||     3
 Stab: Confused          |     2 |     2 |     7 ||    11
       Paralysed         |       |       |     1 ||     1
  Eat: Chunk             |     1 |       |     3 ||     4
       Ration            |       |       |     1 ||     1
Armor: Robe              |     5 |       |    11 ||    16
Dodge: Dodged            |    12 |     2 |    18 ||    32
